Map: Acid Plant LE

Players

Neeb - Winner!

  • Race: Protoss Protoss
  • Spawn Location: 5:00

Kas

  • Race: Terran Terran
  • Spawn Location: 11:00

Event: IEM Season 12 - Katowice

VOD

Have the link to the VOD?

Description

Time

  • Played on: Feb. 27, 2018, 8:59 a.m.
  • Length: 11:00

All games in this series

Show
View Real Time Build Order
Export as new Build Order

Neeb Protoss - Winner!

Build Orders: 1 Gate Expand, Oracle Opening 

Get SALT Encoding   

  12  0:00  Probe  
  13  0:12  Probe  
  14  0:18  Pylon  
  14  0:24  Probe  
  15  0:29  Assimilator  
  15  0:37  Probe (Chrono Boost)  
  16  0:45  Gateway  
  16  0:49  Probe (Chrono Boost)  
  17  0:54  Probe (Chrono Boost)  
  18  1:03  Probe  
  19  1:15  Probe  
  20  1:23  Nexus  
  20  1:33  Cybernetics Core  
  20  1:35  Probe  
  21  1:41  Assimilator  
  21  1:48  Pylon  
  21  1:49  Probe  
  22  2:00  Adept  
  22  2:01  Probe (Chrono Boost)  
  23  2:14  Probe (Chrono Boost)  
  26  2:19  Probe (Chrono Boost)  
  26  2:20  Stargate  
  27  2:27  Adept (Chrono Boost)  
  27  2:28  Probe  
  30  2:34  Warp Gate  
  30  2:36  Probe  
  31  2:40  Probe  
  32  2:46  Adept (Chrono Boost)  
  32  2:48  Probe  
  35  2:52  Probe  
  36  3:00  Probe  
  36  3:04  Probe, Oracle (Chrono Boost)  
  38  3:12  Probe  
  42  3:16  Probe  
  43  3:24  Probe, Pylon  
  42  3:28  Probe  
  42  3:32  Oracle (Chrono Boost)  
  42  3:33  Pylon  
  46  3:42  Probe x2, Nexus  
  46  3:47  Pylon  
  48  3:54  Probe x2  
  50  4:04  Oracle (Chrono Boost)  
  50  4:06  Probe x2  
  51  4:12  Assimilator  
  51  4:13  Assimilator  
  51  4:17  Pylon  
  51  4:18  Probe x2  
  51  4:20  Forge  
  51  4:23  Robotics Facility  
  53  4:30  Probe, Gateway  
  53  4:31  Probe  
  55  4:35  Gateway  
  55  4:42  Probe  
  55  4:43  Probe  
  55  4:45  Twilight Council  
  57  4:54  Protoss Ground Weapons Level 1 (Chrono Boost)  
  57  4:55  Probe (Chrono Boost)  
  57  4:56  Probe (Chrono Boost)  
  57  4:59  Probe (Chrono Boost)  
  60  5:01  Sentry  
  60  5:02  Pylon  
  64  5:08  Probe (Chrono Boost)  
  64  5:12  Probe (Chrono Boost), Pylon, Observer  
  66  5:15  Probe (Chrono Boost), Pylon  
  66  5:16  Probe (Chrono Boost)  
  66  5:19  Resonating Glaives (Chrono Boost), Gateway  
  66  5:20  Gateway  
  67  5:28  Gateway  
  67  5:29  Sentry  
  73  5:35  Immortal (Chrono Boost)  
  73  5:38  Gateway  
  73  5:45  Gateway  
  73  5:49  Sentry  
  75  5:50  Probe x3  
  75  5:54  Sentry  
  80  6:00  Pylon  
  80  6:01  Pylon  
  80  6:02  Probe x3  
  83  6:08  Pylon  
  83  6:12  Immortal (Chrono Boost)  
  83  6:15  Pylon  
  83  6:17  Pylon  
  87  6:19  Adept x3  
  87  6:22  Pylon  
  87  6:24  Adept  
  95  6:30  Pylon  
  95  6:36  Adept x3  
  101  6:43  Protoss Ground Armor Level 1 (Chrono Boost), Warp Prism  
  101  6:44  Adept x4  
  111  6:50  Pylon  
  111  6:56  Adept x3  
  111  7:01  Probe x2, Blink  
  119  7:05  Adept x4  
  127  7:17  Adept x3  
  127  7:19  Probe  
  127  7:20  Assimilator  
  127  7:21  Assimilator  
  134  7:29  Probe  
  135  7:30  Probe  
  135  7:31  Probe  
  137  7:41  Probe  
  137  7:43  Pylon  
  138  7:44  Adept x5  
  138  7:45  Adept x3  
  150  8:00  Robotics Bay  
  120  8:12  Probe  
  120  8:15  Immortal (Chrono Boost)  
  121  8:20  Adept x8  
  121  8:25  Protoss Ground Weapons Level 2 (Chrono Boost)  
  136  8:35  Nexus  
  136  8:36  Pylon, Robotics Facility  
  136  8:40  Pylon  
  136  8:42  Photon Cannon  
  136  8:46  Colossus (Chrono Boost)  
  136  8:47  Probe x2, Extended Thermal Lance (Chrono Boost)  
  144  9:08  Stalker x3  
  150  9:11  Stalker x2  
  150  9:14  Stalker x2  
  158  9:20  Stalker  
  158  9:23  Colossus  
  160  9:25  Assimilator  
  160  9:28  Colossus  
  166  9:36  Assimilator  
  168  9:53  Stalker x5  
  178  10:02  Forge  
  178  10:05  Probe  
  178  10:06  Probe x2  
  181  10:07  Probe  
  182  10:21  Stalker x7  
  194  10:41  Stalker  
  196  10:51  Stalker x3  
Show
View Real Time Build Order
Export as new Build Order

Kas Terran 

Build Orders: Reaper Expand, MMM Bio 

Get SALT Encoding   

  12  0:00  SCV  
  13  0:13  SCV  
  14  0:17  Supply Depot  
  14  0:25  SCV  
  15  0:39  SCV  
  16  0:43  Barracks  
  16  0:45  Refinery  
  16  0:51  SCV  
  17  1:03  SCV  
  18  1:18  SCV  
  19  1:30  Reaper, Orbital Command  
  20  1:39  Command Center  
  20  1:56  SCV  
  20  1:58  Supply Depot  
  21  2:02  Barracks Reactor  
  22  2:08  SCV  
  22  2:20  SCV  
  23  2:24  Command Center  
  23  2:32  SCV  
  24  2:39  Marine x2  
  24  2:42  Barracks  
  26  2:44  SCV  
  27  2:54  Orbital Command  
  27  2:57  Marine x2  
  29  3:05  Supply Depot  
  27  3:09  SCV  
  28  3:14  Marine  
  29  3:22  SCV  
  29  3:25  SCV  
  30  3:28  Engineering Bay  
  30  3:30  Barracks Tech Lab  
  30  3:33  Marine x2  
  32  3:34  SCV  
  32  3:37  Orbital Command  
  32  3:40  SCV  
  34  3:46  SCV  
  35  3:49  Marine  
  35  3:50  Stimpack  
  35  3:59  Marine  
  34  4:06  Marine  
  34  4:09  SCV  
  31  4:10  Missile Turret  
  31  4:11  SCV  
  31  4:12  Terran Infantry Weapons Level 1  
  31  4:16  Missile Turret  
  32  4:18  Marine x2  
  32  4:20  SCV  
  32  4:24  SCV  
  36  4:26  SCV  
  36  4:29  Barracks  
  37  4:32  SCV, Marine  
  37  4:38  Factory  
  39  4:39  Marine x2  
  39  4:41  SCV  
  39  4:43  SCV  
  43  4:49  Refinery  
  43  4:51  SCV, Refinery  
  44  4:54  Marine  
  44  4:56  Marine  
  44  4:57  SCV  
  47  5:00  Marine  
  47  5:03  SCV  
  49  5:09  SCV, Bunker  
  49  5:11  SCV  
  49  5:12  Marine  
  52  5:14  Marine  
  52  5:15  SCV  
  52  5:16  Refinery  
  52  5:17  Supply Depot, Barracks Tech Lab  
  52  5:18  Marine  
  55  5:21  SCV  
  55  5:25  Starport, Factory Reactor  
  55  5:28  SCV  
  57  5:30  SCV, Marine  
  57  5:32  Marine  
  57  5:34  SCV  
  61  5:35  Supply Depot  
  61  5:37  Combat Shields  
  61  5:39  Marine  
  61  5:40  SCV  
  63  5:44  Marine  
  63  5:46  SCV  
  63  5:48  Supply Depot, Marine  
  66  5:50  SCV  
  66  5:51  Marine  
  66  5:53  SCV  
  66  5:56  Marine  
  70  6:00  SCV  
  70  6:07  Barracks  
  70  6:08  Terran Infantry Armor Level 1  
  70  6:09  SCV x2, Barracks  
  72  6:12  Marine  
  72  6:13  Marine, Marauder  
  72  6:17  Orbital Command  
  76  6:19  Medivac x2  
  76  6:20  Concussive Shells  
  76  6:24  Marauder  
  82  6:25  Factory Reactor  
  82  6:26  SCV x2  
  82  6:30  Supply Depot  
  84  6:37  Marine x2, Marauder  
  84  6:38  SCV  
  89  6:41  Supply Depot  
  89  6:42  Supply Depot, SCV  
  89  6:44  SCV  
  91  6:48  Marauder  
  91  6:52  SCV, Medivac  
  96  6:54  SCV  
  96  6:58  Supply Depot, Barracks Tech Lab, Barracks Reactor  
  96  6:59  Marine x2  
  96  7:00  SCV  
  100  7:04  SCV  
  100  7:05  Armory  
  100  7:08  Engineering Bay  
  101  7:09  SCV  
  101  7:14  Liberator x2  
  101  7:15  Marauder  
  104  7:16  SCV  
  104  7:18  Widow Mine x2  
  104  7:19  Marine, Marauder x2  
  105  7:33  Supply Depot  
  105  7:36  Marauder  
  105  7:37  SCV  
  112  7:43  Starport  
  112  7:44  Marine x2  
  100  8:03  Marauder x2  
  98  8:12  Marine x2, Marauder  
  89  8:20  Fusion Core  
  89  8:21  SCV x2  
  89  8:22  Starport Tech Lab, Refinery  
  89  8:24  Marauder  
  89  8:25  Marine x3  
  96  8:27  Terran Infantry Armor Level 2  
  96  8:30  Marine  
  96  8:31  Orbital Command  
  96  8:33  SCV x2  
  99  8:34  Marine  
  99  8:35  Marine  
  99  8:38  Supply Depot  
  101  8:48  SCV  
  102  8:52  Marine  
  102  8:53  Marine x2, Marauder x2  
  109  8:56  SCV  
  109  8:57  SCV  
  109  9:00  SCV  
  112  9:05  Liberator  
  112  9:08  SCV  
  112  9:09  Advanced Ballistics  
  113  9:10  Refinery  
  113  9:11  Refinery  
  113  9:13  SCV x2  
  113  9:16  Supply Depot  
  115  9:22  SCV  
  115  9:23  Marine x3  
  115  9:24  Marine x3, Liberator  
  123  9:28  Missile Turret  
  125  9:38  Marauder  
  127  9:41  Marine x2  
  127  9:42  Marauder  
  128  9:52  SCV x2  
  130  9:53  Missile Turret, SCV  
  131  10:04  SCV  
  132  10:07  Supply Depot x2  
  132  10:08  Supply Depot  
  132  10:11  SCV  
  133  10:17  Ghost Academy  
  133  10:18  SCV  
  137  10:40  SCV x2  
  137  10:41  Command Center  
  139  10:43  Sensor Tower  

Tags
 
Add a new tag
Caveats
  • Supply blocks, unpowered buildings, or Contaminate may cause inaccurate times.
  • Supply counts are checked every 10 seconds.